 Dungeon Crawl Stone Soup version 0.26-b1-32-g5d43845318 (webtiles) character file.

Game seed: 10531134757260053225

808 jmlagarto the Digger (level 7, -3/41 HPs)
             Began as an Octopode Earth Elementalist on Jan 12, 2021.
             Was an Initiate of Sif Muna.
             Killed by divine providence
             ... invoked by an orc priest
              (16 damage)
             ... on level 5 of the Dungeon.
             The game lasted 00:13:55 (5091 turns).

jmlagarto the Digger (Octopode Earth Elementalist)  Turns: 5091, Time: 00:13:56

Health: -3/41      AC:  1    Str:  7    XL:     7   Next: 92%
Magic:  13/13      EV: 15    Int: 19    God:    Sif Muna [......]
Gold:   243        SH:  0    Dex: 13    Spells: 9/15 levels left

rFire    . . .     SeeInvis .   (no weapon)
rCold    . . .     Faith    .   (no shield)
rNeg     . . .     Spirit   .   (helmet restricted)
rPois    .         Reflect  .   j - amulet of magic regeneration
rElec    .         Harm     .   (no ring)
rCorr    .         Rampage  .   (no ring)
Will     .....                  (no ring)
Stlth    +++.......             (no ring)
HPRegen  0.13/turn              (no ring)
MPRegen  0.38/turn              (no ring)
                                (no ring)
                                (no ring)

@: mighty, hasted, very quick
A: almost no armour, stealthy swim, amphibious, 8 rings, constrict 8, camouflage
1, gelatinous body 1
a: Renounce Religion


You were on level 5 of the Dungeon.
You worshipped Sif Muna.
Sif Muna was noncommittal.
You visited 2 branches of the dungeon, and saw 6 of its levels.

You collected 243 gold pieces.

Inventory:

Missiles
 b - 17 stones
 h - 21 sling bullets
 p - 31 poisoned darts (quivered)
 q - 6 atropa-tipped darts
Magical Staves
 w - an uncursed staff of fire {unknown}
Jewellery
 j - an amulet of magic regeneration (around mantle)
 o - an uncursed ring of ice {unknown}
 u - a +6 ring of dexterity {unknown}
Scrolls
 c - 8 scrolls of identify {unknown}
 e - a scroll of fog {unknown}
 f - 8 scrolls of remove curse {unknown}
 g - a scroll of enchant armour {unknown}
 l - 2 scrolls of magic mapping {unknown}
 n - 3 scrolls of amnesia {unknown}
 r - a scroll of random uselessness {unknown}
 s - a scroll of blinking {unknown}
 t - a scroll of immolation {unknown}
 v - a scroll of teleportation {unknown}
Potions
 a - 2 potions of flight {unknown}
 d - 2 potions of might
 i - a potion of haste
 k - a potion of invisibility {unknown}
 m - a potion of ambrosia {unknown}
 x - 2 potions of heal wounds {unknown}


   Skills:
 - Level 0.1 Fighting
 + Level 4.3 Dodging
 - Level 2.8 Stealth
 + Level 4.5 Spellcasting
 + Level 3.7 Transmutations
 + Level 5.5 Earth Magic


You had 9 spell levels left.
You knew the following spells:

 Your Spells              Type           Power        Failure   Level
a - Sandblast             Erth           50%          1%          1
b - Passwall              Tmut/Erth      17%          3%          2
c - Stone Arrow           Conj/Erth      28%          13%         3

Your spell library contained the following spells:

 Spells                   Type           Power        Failure   Level
 Petrify                  Tmut/Erth      21%          19%         4
 Lee's Rapid Deconstruct  Erth           12%          36%         5


Dungeon Overview and Level Annotations

Branches:
Dungeon (5/15)             Temple (1/1) D:4

Altars:
Cheibriados
Dithmenos
Elyvilon
Fedhas
Gozag
Hepliaklqana
Kikubaaqudgha
Nemelex Xobeh
Okawaru
Ru
Sif Muna
Trog
Uskayaw
Vehumet
Wu Jian
Xom
Yredelemnul
Zin
The Shining One


Innate Abilities, Weirdness & Mutations

You cannot wear most types of armour.
You are very stealthy in the water. (Stealth+)
You are amphibious.
You can wear up to eight rings at the same time.
You can use your tentacles to constrict eight enemies at once.
Your skin changes colour to match your surroundings (Stealth+).
Your rubbery body absorbs attacks. (AC +1, EV +1)


Message History

You throw a poisoned dart.
The poisoned dart barely misses the orc priest.
The orc shouts!
The orc priest invokes the aid of Beogh against you.
Beogh smites you!
You throw a poisoned dart.
The poisoned dart closely misses the orc wizard.
The orc wizard casts a spell at you. The magic dart hits you.
You throw a poisoned dart. The poisoned dart hits the orc priest.
The orc wizard casts a spell at you. The puff of frost hits you!
* * * LOW HITPOINT WARNING * * *
The orc priest miscasts a cantrip.
It was a potion of might.
You feel very mighty all of a sudden.
It was a potion of haste.
You feel yourself speed up.
The orc priest calls down the wrath of Beogh upon you.
Beogh smites you!
You die...

.8### #...#####....#......
..'.## ##..(...#...####....
.8#..# ##.........## #...##
###..## #.....(.)...###...#
......## #............##..##
.......#######......##....#...#
...................###.......##
.................### ##.......#
.........#####..@## ##......#
.......######.....### ...##...#
.......####.........# ..## #...
........#........#......## #..
...............####..... #.
.............### ##..#
............## ..#
.......#..o## .. .......#.o##


You could see an orc priest.

Vanquished Creatures
  Sigmund (D:3)
  A sky beast (D:4)
  An ogre (D:4)
  A centaur (D:5)
  A bullfrog (D:5)
  A quasit (D:5)
  2 bullfrog skeletons (D:5)
  3 orc wizards
  A hound skeleton (D:5)
  8 adders
  A white imp (D:5)
  A worm (D:3)
  2 dart slugs
  4 leopard geckos
  5 orcs
  7 bats
  3 giant cockroaches
  6 goblins
  5 hobgoblins
  2 jackals (D:1)
  3 quokkas
  A ball python (D:1)
  3 frilled lizards
  3 kobolds
  A leopard gecko zombie (D:5)
  7 rats
74 creatures vanquished.

Notes
Turn   | Place    | Note
-------+----------+-------------------------------------------
     0 | D:1      | jmlagarto the Octopode Earth Elementalist began the quest
                  | for the Orb.
     0 | D:1      | Reached XP level 1. HP: 11/11 MP: 3/3
   464 | D:1      | Reached XP level 2. HP: 17/17 MP: 3/5
   902 | D:1      | You fall into a shaft and drop 1 floor!
  1120 | D:1      | Reached XP level 3. HP: 18/21 MP: 0/6
  1754 | D:2      | Reached XP level 4. HP: 13/27 MP: 3/8
  1762 | D:2      | Reached skill level 4 in Earth Magic
  1944 | D:2      | Learned a level 2 spell: Passwall
  3125 | D:3      | Noticed Sigmund
  3146 | D:3      | Killed Sigmund
  3147 | D:3      | Reached XP level 5. HP: 12/31 MP: 6/10
  3147 | D:3      | Reached XP level 6. HP: 14/36 MP: 6/11
  3609 | D:4      | Learned a level 3 spell: Stone Arrow
  3778 | D:4      | Noticed a sky beast
  3785 | D:4      | Killed a sky beast
  3786 | D:4      | Reached XP level 7. HP: 41/41 MP: 9/13
  3828 | D:4      | Reached skill level 5 in Earth Magic
  4036 | D:4      | Found a staircase to the Ecumenical Temple.
  4047 | Temple   | Entered the Ecumenical Temple
  4152 | Temple   | Became a worshipper of Sif Muna the Loreminder
  4235 | D:5      | Entered Level 5 of the Dungeon
  5045 | D:5      | Found a shimmering altar of Xom.
  5047 | D:5      | Found a snail-covered altar of Cheibriados.
  5047 | D:5      | Found a white marble altar of Elyvilon.
  5050 | D:5      | Found a bloodstained altar of Trog.
  5050 | D:5      | Found a blossoming altar of Fedhas.
  5050 | D:5      | Found an iron altar of Okawaru.
  5091 | D:5      | Killed from afar by an orc priest

Illustrated notes

Levels and vault maps discovered:
D:1:      dpeg_arrival_signposts, layout_loops_corners
D:2:      minmay_recursive_quarters, layout_rooms, minmay_indecisive_spiral
D:3:      layout_basic, uniq_sigmund
D:4:      layout_rooms, minmay_temple_entry_nine_rooms
D:5:      layout_layer_cave, basic_altar, doesnt_xom_only_xom
Temple:   regret_index_temple_sphere_string

Skill      XL: |  1  2  3  4  5  6  7 |
---------------+----------------------+-----
Spellcasting   | 3 4 |  4.5
Earth Magic    | 4 5 |  5.5
Dodging        | 3 4 |  4.3
Transmutations | 2 3 |  3.7
Fighting       | |  0.1
Stealth        | |  2.8

Action                   |  1- 3 |  4- 6 |  7- 9 || total
-------------------------+-------+-------+-------++-------
Melee: Unarmed           |     5 |       |       ||     5
       Constrict         |     1 |       |       ||     1
       Tentacles         |     1 |       |       ||     1
Throw: Stone             |     8 |       |       ||     8
       Dart              |       |    15 |    32 ||    47
 Cast: Sandblast         |    47 |    35 |    39 ||   121
       Passwall          |       |     1 |       ||     1
  Use: Potion            |     2 |       |     2 ||     4
Armor: Skin              |     3 |       |     1 ||     4
Dodge: Dodged            |    29 |     9 |    19 ||    57
